 Dungeon Crawl Stone Soup version 0.28.0-1-gb440e238dd (webtiles) character file.

Game seed: 12835959823401944116

2839 Acheron the Cutter (level 9, -9/70 HPs)
             Began as a Palentonga Hunter on Feb 18, 2022.
             Was a High Priest of Elyvilon.
             Mangled by an elephant (10 damage)
             ... on level 1 of the Swamp on Feb 19, 2022.
             The game lasted 01:01:43 (8891 turns).

Acheron the Cutter (Palentonga Hunter)              Turns: 8891, Time: 01:01:44

Health: -9/70      AC: 22    Str: 15    XL:     9   Next: 46%
Magic:  14/14      EV:  6    Int: 13    God:    Elyvilon [*****.]
Gold:   322        SH:  0    Dex: 14    Spells: 14/14 levels left

rFire   . . .      SeeInvis +   b - +1 shortbow
rCold   + . .      Faith    .   (shield currently unavailable)
rNeg    . . .      Spirit   .   c - +0 scale mail
rPois   .          Reflect  .   (no helmet)
rElec   .          Harm     .   s - +0 cloak
rCorr   .          Rampage  .   p - +2 pair of gloves
Will    .....                   f - +0 barding {rC+}
Stlth   +.........              (no amulet)
HPRegen 0.21/turn               (no ring)
MPRegen 0.14/turn               (no ring)

@: studying Conjurations, curled up
A: large, rugged brown scales 3, see invisible, deformed body, roll 1, armoured
tail, reflexive curl
a: Rolling Charge, Renounce Religion, Purification, Heal Other, Heal Self,
Divine Vigour


You were on level 1 of the Swamp.
You worshipped Elyvilon.
Elyvilon was extremely pleased with you.
You visited 4 branches of the dungeon, and saw 15 of its levels.

You collected 322 gold pieces.

Inventory:

Hand Weapons
 a - a +3 short sword
 b - a +1 shortbow (weapon)
 v - a +1 dagger of holy wrath
 D - a +3 trident of protection
Missiles
 d - 67 arrows (quivered ammo)
 h - 2 throwing nets
 u - 2 javelins
 x - 5 poisoned darts
Armour
 c - a +0 scale mail (worn)
 f - a +0 barding of cold resistance (worn)
 p - a +2 pair of gloves (worn)
 s - a +0 cloak (worn)
Jewellery
 j - a ring of fire
Wands
 e - a wand of mindburst (8)
 o - a wand of acid (3)
 t - a wand of iceblast (6)
 w - a wand of charming (11)
 B - a wand of flame (4)
Scrolls
 g - 4 scrolls of identify
 m - a scroll of blinking
 n - 2 scrolls of teleportation
 q - 2 scrolls of immolation {unknown}
 r - 4 scrolls of enchant armour {unknown}
 y - a scroll of magic mapping {unknown}
 C - 2 scrolls of amnesia {unknown}
 E - a scroll of enchant weapon {unknown}
Potions
 i - a potion of invisibility
 l - 2 potions of curing
 z - a potion of haste
 A - a potion of cancellation


   Skills:
 * Level 4.7 Fighting
 * Level 6.5 Short Blades
 + Level 0.4(4.0) Long Blades
 * Level 4.5 Bows
 * Level 0.4 Throwing
 * Level 3.2 Armour
 * Level 3.9 Dodging
 * Level 3.0 Stealth
 * Level 3.3 Spellcasting
 * Level 1.1 Conjurations
 * Level 3.8 Invocations
 * Level 2.0 Evocations


You had 14 spell levels left.
You didn't know any spells.
Your spell library contained the following spells:

 Spells                   Type           Power      Damage    Failure   Level
 Stone Arrow              Conj/Erth      6%         3d7       89%         3
 Animate Armour           Summ/Erth      4%         N/A       100%        4
 Lehudib's Crystal Spear  Conj/Erth      1%         10d2      100%        8


Dungeon Overview and Level Annotations

Branches:
Dungeon (10/15)            Temple (1/1) D:5            Lair (3/6) D:9
  Swamp (1/4) Lair:3
  Snake: Lair:2-4    Spider: Lair:2-4       Orc: D:9-12

Altars:
Ashenzari
Cheibriados
Dithmenos
Elyvilon
Fedhas
Gozag
Hepliaklqana
Kikubaaqudgha
Makhleb
Nemelex Xobeh
Okawaru
Qazlal
Ru
Sif Muna
Trog
Uskayaw
Vehumet
Wu Jian
Xom
Yredelemnul
Zin
The Shining One

Annotations:
D:1 1 runed translucent door
D:4 Sigmund
D:7 Dowan
D:9 exclusion: 2 downstairs
D:10 1 runed translucent door, Sonja; Terracrafty's ghost, journeyman HOFi


Innate Abilities, Weirdness & Mutations

You are completely covered in rugged brown scales. (AC +3, +7% HP)
You have supernaturally acute eyesight. (SInv)
Armour fits poorly on your strangely shaped body.
You can roll at nearby foes to attack.
You have a long armoured tail.
You curl defensively after being hit. (AC +7*)


Message History

You feel sick.
You feel sick.
You feel sick.
You feel sick.
There is a stone staircase leading down here.
You feel sick.
You climb downwards.
You feel sick.
You are no longer poisoned.
There is a stone staircase leading up here.
You start resting.
A wolf is nearby!
An elephant comes into view.
The elephant trumpets! x2
A wolf is nearby!
b - a +1 shortbow (weapon)
You enter the shallow water.
Moving in this stuff is going to be slow.
The wolf bites you but does no damage.
The elephant trumpets! x2; You hear a howl!
The wolf bites you but does no damage. The wolf bites you.
* * * LOW HITPOINT WARNING * * *
The wolf bites you but does no damage.
There is a staircase to the Swamp here.
The wolf howls!
The wolf bites you!
* * * LOW HITPOINT WARNING * * *
The elephant tramples you but does no damage.
The elephant trunk-slaps you but does no damage.
You climb downwards.
Welcome to the Swamp!
This branch is very noisy, and so sound travels much less far.
This branch contains the decaying rune of Zot.
The spriggan rider shouts!
The swamp drake roars!
Found a scroll labelled TAAQUG KARRID and a dagger.
Found a stone staircase leading down.
There is a staircase back to the Lair here.
The wolf bites you!
* * * LOW HITPOINT WARNING * * *
The elephant tramples you!
You die...

♣♣≈...♣ ♣♣♣≈
♣.?≈♣.≈♣...♣♣♣
........≈≈≈..♣♣
...≈.≈.≈≈≈≈≈≈.♣
.≈≈.≈≈≈≈≈≈≈≈≈≈.
≈≈.≈.≈..≈w≈≈≈≈.
♣≈.Y..≈≈≈≈≈.
♣..@≈≈≈≈≈≈.
♣.h..≈≈≈≈t.
♣≈≈.≈≈≈≈≈≈..
♣≈≈≈..≈≈≈≈≈.§
♣.≈.≈≈≈i.≈...
...≈≈≈≈≈w..♣..
>.≈...≈≈≈≈..≈ .
....k.≈≈w)..≈w


You could see an elephant, a tyrant leech, a spriggan rider, a ghost crab, 3
swamp worms, a swamp drake and a wolf.

Vanquished Creatures
  A black mamba (Lair:2)
  A yak (D:9)
  2 vampire mosquitoes (D:9)
  A water moccasin (Lair:1)
  Duvessa (D:7)
  An orc warrior (D:6)
  A centaur (D:6)
  A phantom (D:6)
  A bullfrog (Lair:2)
  A gnoll sergeant (D:9)
  9 scorpions
  A water moccasin skeleton (D:4)
  A killer bee (D:8)
  2 howler monkeys
  2 bullfrog zombies
  2 centaur zombies (D:9)
  2 jellies
  A hound (D:5)
  2 orc priests
  An iguana (D:5)
  5 orc wizards
  5 gnolls (D:9)
  A howler monkey skeleton (D:4)
  5 adders
  An adder skeleton (D:4)
  A worm (D:2)
  3 dart slugs (D:1)
  15 orcs
  7 ball pythons
  3 bats
  6 endoplasms
  A giant cockroach (D:4)
  6 hobgoblins
  11 jackals
  4 kobolds
  3 quokkas
  5 frilled lizards
  4 goblins
  3 rats
123 creatures vanquished.

Vanquished Creatures (others)
  An iguana (D:6)
  6 fungi
  13 plants
20 creatures vanquished.

Grand Total: 143 creatures vanquished

Notes
Turn   | Place    | Note
-------+----------+-------------------------------------------
     0 | D:1      | Acheron the Palentonga Hunter began the quest for the Orb.
     0 | D:1      | Reached XP level 1. HP: 17/17 MP: 1/1
     1 | D:1      | Found a runed translucent door.
    14 | D:1      | Noticed a jelly
   175 | D:1      | Reached XP level 2. HP: 18/23 MP: 2/2
   367 | D:1      | Found a faded altar of an unknown god.
   388 | D:1      | Prayed at the altar of an unknown god.
   388 | D:1      | Became a worshipper of Elyvilon the Healer
   388 | D:1      | Reached * piety under Elyvilon
   434 | D:1      | You fall into a shaft and drop 1 floor!
   458 | D:2      | Reached skill level 1 in Short Blades
   556 | D:3      | Reached XP level 3. HP: 15/28 MP: 3/3
   918 | D:2      | Noticed a scorpion
  1217 | D:1      | Reached ** piety under Elyvilon
  1674 | D:2      | Killed a scorpion
  1675 | D:2      | Reached skill level 1 in Stealth
  1675 | D:2      | Reached skill level 1 in Spellcasting
  1675 | D:2      | Reached skill level 1 in Invocations
  1675 | D:2      | Reached XP level 4. HP: 7/36 MP: 3/5
  2670 | D:4      | Identified a scroll of acquirement
  2670 | D:4      | Acquired a +0 barding of cold resistance
  2767 | D:4      | Noticed a scorpion
  2783 | D:4      | Reached XP level 5. HP: 35/41 MP: 6/6
  2806 | D:4      | Reached skill level 2 in Short Blades
  2925 | D:4      | Noticed an orc warrior
  2962 | D:4      | Reached *** piety under Elyvilon
  2977 | D:4      | Reached skill level 1 in Armour
  3068 | D:5      | Entered Level 5 of the Dungeon
  3099 | D:4      | Reached XP level 6. HP: 38/49 MP: 6/8
  3146 | D:5      | Reached skill level 3 in Short Blades
  3587 | D:6      | Gained mutation: You curl defensively after being hit. (AC
                  | +7*) [Palentonga growth]
  3587 | D:6      | Reached XP level 7. HP: 55/55 MP: 9/9
  4110 | D:4      | Noticed Sigmund
  4539 | D:5      | Reached skill level 4 in Short Blades
  4552 | D:5      | Found a staircase to the Ecumenical Temple.
  4561 | Temple   | Entered the Ecumenical Temple
  5544 | D:6      | Reached XP level 8. HP: 57/64 MP: 11/11
  5782 | D:7      | Upgraded the game from 0.28.0 to 0.28.0-1-gb440e238dd
  5850 | D:6      | Reached **** piety under Elyvilon
  5913 | D:5      | Reached skill level 5 in Short Blades
  6464 | D:7      | Found a stormy altar of Qazlal.
  6702 | D:6      | Reached skill level 1 in Evocations
  7069 | D:7      | Noticed Duvessa
  7076 | D:7      | Noticed Dowan
  7086 | D:7      | Killed Duvessa
  7298 | D:7      | Found a blossoming altar of Fedhas.
  7486 | D:9      | Found a hazy altar of Hepliaklqana.
  7486 | D:9      | Found a basalt altar of Yredelemnul.
  7500 | D:9      | Found a shadowy altar of Dithmenos.
  7502 | D:9      | Found an iron altar of Okawaru.
  7502 | D:9      | Found a white marble altar of Elyvilon.
  7508 | D:9      | Found a sparkling altar of Nemelex Xobeh.
  7509 | D:9      | Found a glowing golden altar of the Shining One.
  7533 | D:10     | Entered Level 10 of the Dungeon
  7533 | D:10     | Noticed Sonja
  7618 | D:9      | Reached skill level 6 in Short Blades
  7704 | D:9      | Reached XP level 9. HP: 22/69 MP: 13/13
  8149 | D:10     | Noticed Terracrafty's ghost (journeyman HOFi)
  8149 | D:10     | Found a runed translucent door.
  8242 | D:9      | Found a staircase to the Lair.
  8271 | Lair:1   | Entered Level 1 of the Lair of Beasts
  8371 | Lair:2   | Acquired a manual of Conjurations
  8401 | Lair:2   | Noticed a cane toad
  8402 | Lair:2   | Noticed a black mamba
  8410 | Lair:3   | Noticed an elephant
  8411 | Lair:3   | Noticed an elephant
  8412 | Lair:3   | Noticed an elephant
  8416 | Lair:3   | Found a staircase to the Swamp.
  8452 | Lair:3   | Noticed a cane toad
  8452 | Lair:3   | Reached ***** piety under Elyvilon
  8505 | Lair:2   | Noticed a black mamba
  8526 | Lair:2   | HP: 2/70 [black mamba (10)]
  8527 | Lair:2   | Elyvilon protects you from harm!
  8535 | Lair:2   | Killed a black mamba
  8536 | Lair:2   | Reached skill level 1 in Conjurations
  8848 | Lair:2   | Noticed a cane toad
  8851 | Lair:2   | Noticed a cane toad
  8879 | Lair:3   | Noticed an elephant
  8890 | Swamp:1  | Entered Level 1 of the Swamp
  8890 | Swamp:1  | Noticed a tyrant leech
  8890 | Swamp:1  | Noticed a spriggan rider
  8890 | Swamp:1  | Noticed a ghost crab
  8891 | Swamp:1  | HP: 1/70 [wolf (9)]
  8891 | Swamp:1  | Mangled by an elephant

Illustrated notes

Levels and vault maps discovered:
D:1:      dpeg_arrival_caged_fury, layout_basic, serial_forest,
          infiniplex_forest_lined_ring, infiniplex_forest_clump_medium,
          infiniplex_forest_lined_3, infiniplex_forest_straight_2,
          infiniplex_forest_lined_3, infiniplex_forest_clump_tiny,
          infiniplex_forest_clump_small, infiniplex_forest_lined_1,
          infiniplex_forest_clump_tiny, infiniplex_forest_straight_2,
          hellmonk_ecumenical_altar_lost_god, serial_bayou_lake_a
D:2:      layout_rooms, nicolae_concentric_dashed_squares_wild,
          kennysheep_cluttered_room, minmay_misc_feat_chi, grunt_ministairs_9,
          minmay_pentomino_q2
D:3:      layout_basic
D:4:      layout_gridville, grunt_decor_cap, uniq_sigmund
D:5:      layout_loops_ring, temple_pool_b, grunt_ministairs_8,
          minmay_misc_feat_roman, chequers_garden
D:6:      layout_loops_ring
D:7:      layout_cave_pools, grunt_temple_overflow_forces_of_nature,
          uniq_duvessa
D:8:      layout_layer_cave, kennysheep_generic_room_4, uniq_psyche
D:9:      layout_long_grid, nicolae_overflow_hallway_of_the_gods,
          dpeg_oklobed_lair, serial_shops, shop
D:10:     layout_loops_ring, hellmonk_ghost_happy_afterlife,
          nicolae_shop_sticking_my_neck_out, uniq_grum, uniq_urug, uniq_sonja
Temple:   nicolae_temple_figure_eight
Lair:1:   statuecave_lemuel, layout_big_grid
Lair:2:   dragon1_lemuel, layout_cave_pods
Lair:3:   layout_long_grid, swamp_mist_pool
Swamp:1:  layout_basic_swamp, hangedman_swamp_ruin_wall,
          infiniplex_staircase_pool

Skill      XL: |  1  2  3  4  5  6  7  8  9 |
---------------+----------------------------+-----
Short Blades   | 1 2 3 4 6 |  6.5
Dodging        | 2 3 |  3.9
Stealth        | 1 2 3 |  3.0
Spellcasting   | 1 2 3 |  3.3
Invocations    | 1 2 3 |  3.8
Armour         | 1 2 3 |  3.2
Fighting       | 3 4 |  4.7
Bows           | 4 |  4.5
Evocations     | 1 2 |  2.0
Conjurations   | 1 |  1.1
Long Blades    | |  0.4
Throwing       | |  0.4

Action                   |  1- 3 |  4- 6 |  7- 9 || total
-------------------------+-------+-------+-------++-------
Melee: Short sword       |    86 |   148 |   353 ||   587
       Punch             |     2 |     1 |    11 ||    14
       Falchion          |     1 |       |       ||     1
       Tailslap          |    11 |    18 |    55 ||    84
 Fire: Shortbow          |     5 |       |    14 ||    19
Throw: Javelin           |       |       |     4 ||     4
Invok: Purification      |       |     1 |       ||     1
       Heal Other        |       |     1 |     4 ||     5
 Abil: Rolling Charge    |       |       |     1 ||     1
Evoke: Wand              |       |       |     1 ||     1
  Use: Scroll            |       |     4 |     9 ||    13
       Potion            |       |       |     7 ||     7
 Stab: Sleeping          |     2 |       |       ||     2
Armor: Leather armour    |    54 |     7 |       ||    61
       Ring mail         |       |    71 |    48 ||   119
       Scale mail        |       |       |   223 ||   223
       Skin              |       |       |     6 ||     6
Dodge: Dodged            |    69 |    46 |   130 ||   245
